 Dungeon Crawl Stone Soup version 0.32-a0-834-geaf45d8e21 (webtiles) character file.

Game seed: 274343914255303255

183 AstroCodex24 the Chopper (level 5, -1/41 HPs)
             Began as a Vampire Fighter on Mar 26, 2024.
             Killed from afar by Ijyb (6 damage)
             ... with a puff of flame
             ... on level 5 of the Dungeon.
             The game lasted 00:03:57 (876 turns).

AstroCodex24 the Chopper (Vampire Fighter)           Turns: 876, Time: 00:03:57

Health: -1/41      AC:  8    Str: 17    XL:     5   Next: 35%
Magic:  5/5        EV: 13    Int: 10    God:
Gold:   63         SH:  4    Dex: 14    Spells: 4/4 levels left

rFire   . . .        a - +0 war axe
rCold   . . .        c - +0 buckler
rNeg    . . .        b - +0 scale mail
rPois   .            g - +0 helmet
rElec   .            (no cloak)
rCorr   .            (no gloves)
SInv    +            (no boots)
Will    .....        (no amulet) Stlth
                     f - +5 ring of evasion
HPRegen 0.46/turn    (no ring)
MPRegen 0.09/turn

%: no passive effects
@: healing quickly
A: alive, fangs 3, see invisible, vampiric 2
a: Exsanguinate


You were on level 5 of the Dungeon.
You visited 1 branch of the dungeon, and saw 5 of its levels.

You collected 63 gold pieces.

Inventory:

Hand Weapons
 a - a +0 war axe (weapon)
Armour
 b - a +0 scale mail (worn)
 c - a +0 buckler (worn)
 g - a +0 helmet (worn)
Jewellery
 f - a +5 ring of evasion (left hand)
Scrolls
 j - 4 scrolls of teleportation {unknown}
 l - 2 scrolls of poison {unknown}
 m - a scroll of identify {unknown}
Potions
 d - a potion of might
 e - a potion of curing {unknown}
 h - 3 potions of haste {unknown}
 i - 2 potions of berserk rage {unknown}
 k - a potion of lignification {unknown}
 n - 2 potions of cancellation {unknown}


   Skills:
 + Level 3.0 Fighting
 + Level 3.4 Axes
 + Level 3.2 Armour
 + Level 1.8 Dodging
 + Level 3.2 Shields


You had 4 spell levels left.
You didn't know any spells.
Your spell library contained the following spells:

 Spells                   Type           Power      Damage    Failure   Level
 Apportation              Tloc           0%         N/A       85%         1
 Necrotise                Necr           0%         1d4       85%         1
 Shock                    Conj/Air       0%         1d3       85%         1
 Sting                    Conj/Alch      0%         1d3       85%         1
 Summon Small Mammal      Summ           0%         N/A       85%         1
 Swiftness                Air            0%         N/A       99%         3
 Airstrike                Air            0%         2d(0-16)  100%        4


Dungeon Overview and Level Annotations

Branches:
Dungeon (5/15)
 Temple: D:4-7

Altars:

Annotations:
D:5 Ijyb


Innate Abilities, Weirdness & Mutations

Your natural rate of healing is accelerated.
You have razor-sharp teeth.
You have supernaturally acute eyesight. (SInv)
You are afflicted with vampirism and can become a bat while bloodless.


Message History

Ijyb is lightly wounded.
Ijyb hits you with a +2 dagger of holy wrath.
You convulse.
Ijyb hits you but does no damage.
You hit Ijyb.
Ijyb is lightly wounded.
Ijyb hits you but does no damage.
You hit Ijyb. You bite Ijyb, but do no damage.
Ijyb is moderately wounded.
Ijyb zaps a wand.
The puff of flame hits you. Ijyb closely misses you.
You closely miss Ijyb. You bite Ijyb, but do no damage.
Ijyb is moderately wounded.
Ijyb zaps a wand.
The puff of flame misses you.
You completely miss Ijyb.
Ijyb is moderately wounded.
Ijyb hits you but does no damage.
Ijyb hits you with a +2 dagger of holy wrath.
You convulse.
You closely miss Ijyb.
Ijyb is moderately wounded.
Ijyb hits you with a +2 dagger of holy wrath.
You convulse.
You hit Ijyb but do no damage.
Ijyb is moderately wounded.
Ijyb zaps a wand.
The puff of flame hits you.
You hit Ijyb but do no damage.
Ijyb is moderately wounded.
Ijyb zaps a wand.
The puff of flame hits you.
* * * LOW HITPOINT WARNING * * *
Ijyb misses you.
You completely miss Ijyb.
Ijyb is moderately wounded.
Ijyb hits you with a +2 dagger of holy wrath.
* * * LOW HITPOINT WARNING * * *
You convulse.
* * * LOW HITPOINT WARNING * * *
You closely miss Ijyb.
Ijyb is moderately wounded.
Ijyb zaps a wand.
The puff of flame hits you.
You die...
Ijyb screams, "Time for next experiment!"

#..# #..# #..#
#..#### #.....
#...# #######...#
......g@..#
.....##.### ###
### #.#
####.###########.#
.................#
####.#############
###


You could see Ijyb.

Vanquished Creatures
  2 howler monkeys (D:5)
  A hound (D:5)
  An iguana (D:5)
  2 shadow imps (D:5)
  A ribbon worm (D:2)
  An orc (D:5)
  3 bats
  3 endoplasms
  3 giant cockroaches
  A goblin (D:2)
  3 hobgoblins
  4 jackals (D:2)
  3 kobolds (D:1)
  A quokka (D:2)
29 creatures vanquished.

Notes
Turn   | Place    | Note
-------+----------+-------------------------------------------
     0 | D:1      | AstroCodex24 the Vampire Fighter began the quest for the
                  | Orb.
     0 | D:1      | Reached XP level 1. HP: 17/17 MP: 1/1
    16 | D:1      | Found a faded altar of an unknown god.
   232 | D:1      | Reached XP level 2. HP: 22/23 MP: 2/2
   443 | D:2      | Gained mutation: You are afflicted with vampirism and can
                  | become a bat while bloodless. [Vampire growth]
   443 | D:2      | Reached XP level 3. HP: 28/28 MP: 3/3
   649 | D:5      | Entered Level 5 of the Dungeon
   674 | D:5      | Reached skill level 1 in Dodging
   674 | D:5      | Reached XP level 4. HP: 29/34 MP: 4/4
   858 | D:5      | Reached XP level 5. HP: 41/41 MP: 5/5
   860 | D:5      | Noticed Ijyb
   876 | D:5      | Killed from afar by Ijyb

Illustrated notes

Levels and vault maps discovered:
D:1:      amcnicky_arrival_feature_with_door, layout_basic,
          hellmonk_ecumenical_altar_run_dry
D:2:      layout_rooms, minmay_3d_cube
D:3:      minmay_bubble_buster, layout_loops_cross, serial_shops, shop,
          dreamdust_wishing_well, wad_orctagon
D:4:      layout_layer_cave, dreamdust_mushroom_princess, minmay_misc_feat_room
D:5:      layout_loops_ring, lemuel_coloured_pillars_altar, uniq_ijyb

Skill      XL: |  1  2  3  4 |
---------------+-------------+-----
Shields        | 3 |  3.2
Axes           | 2 3 |  3.4
Armour         | 3 |  3.2
Dodging        | 1 |  1.8
Fighting       | 3 |  3.0

Action                     |  1- 3 |  4- 6 || total
---------------------------+-------+-------++-------
  Melee: War axe           |    76 |    48 ||   124
         Bite              |     6 |     4 ||    10
 Armour: Scale mail        |    59 |    31 ||    90
  Dodge: Dodged            |    69 |    30 ||    99
  Block: Buckler           |    19 |    20 ||    39

Table legend: (Time is in decaauts)
 A = Elapsed time spent in this place.
 B = Non-inter-level travel time spent in this place.
 C = Inter-level travel time spent in this place.
 D = Time resting spent in this place.
 E = Time spent auto-exploring this place.
 F = Levels seen in this place.
 G = Mean time per level.
                   A        B        C        D        E       F      G
               +--------+--------+--------+--------+--------+-----+--------+
         Total |    926 |    926 |      0 |      0 |      0 |   5 |  185.2 |
       Dungeon |    926 |    926 |      0 |      0 |      0 |   5 |  185.2 |
               +--------+--------+--------+--------+--------+-----+--------+

Top non-repeatable levels by time:
     D:1: 297 daAuts
     D:5: 247 daAuts
     D:2: 217 daAuts
     D:3: 132 daAuts
     D:4: 32 daAuts
